 Dungeon Crawl Stone Soup version 0.26-a0-597-gb535b0901c (webtiles) character file.

Game seed: 18197566619724414233

2837 Eifo4Ohj9gu9Dob0ohLe the Carver (level 9, -1/79 HPs)
             Began as a Yellow Draconian Berserker on Aug 26, 2020.
             Was an Elder of Trog.
             Slain by a troll (18 damage)
             ... on level 7 of the Dungeon.
             The game lasted 00:25:49 (5830 turns).

Eifo4Ohj9gu9Dob0ohLe the Carver (DrBe)              Turns: 5830, Time: 00:25:50

Health: -1/79      AC: 11    Str: 20 (21) XL:     9   Next: 45%
Magic:  9/9        EV: 16    Int:  8 (9)  God:    Trog [****..]
Gold:   182        SH:  5    Dex: 17      Spells: 8/8 levels left

rFire    . . .     SeeInvis .   a - +0 falchion
rCold    . . .     Faith    .   b - +0 buckler
rNeg     . . .     Spirit   .   (armour unavailable)
rPois    +         Reflect  .   (helmet restricted)
rElec    .         Harm     +   d - scarf {harm}
rCorr    +                      n - +0 pair of gloves
MR       .....                  m - +2 pair of boots
Stlth    +++.......             (no amulet)
HPRegen  0.23/turn              g - +6 ring of dexterity
MPRegen  0.11/turn              c - ring of poison resistance

@: berserk cooldown, slowed, very slow
A: spit acid, unfitting armour, claws 1, hooves 1, mutation resistance 1,
cold-blooded, acid resistance, AC +7
a: Breathe Acid, Berserk, Trog's Hand, Brothers in Arms, Renounce Religion


You were on level 7 of the Dungeon.
You worshipped Trog.
Trog was greatly pleased with you.
You visited 1 branch of the dungeon, and saw 7 of its levels.

You collected 182 gold pieces.

Inventory:

Hand Weapons
 a - a +0 falchion (weapon)
Armour
 b - a +0 buckler (worn)
 d - a scarf of harm (worn)
 m - a +2 pair of boots (worn)
 n - a +0 pair of gloves (worn)
Jewellery
 c - a ring of poison resistance (right hand)
 e - an uncursed ring of positive energy
 g - a +6 ring of dexterity (left hand)
Wands
 k - a wand of flame (23)
Scrolls
 f - 6 scrolls of remove curse
 p - a scroll of noise
 r - 3 scrolls of identify
Potions
 h - a potion of cancellation
 i - a potion of magic


   Skills:
 + Level 7.2 Fighting
 + Level 9.2 Long Blades
 + Level 5.9 Dodging
 + Level 4.0 Stealth
 + Level 3.0 Shields


You had 8 spell levels left.
You didn't know any spells.
Your spell library was empty.

Dungeon Overview and Level Annotations

Branches:
Dungeon (7/15)
 Temple: D:4-7

Altars:
Makhleb
Okawaru

Shops:
D:5 :   D:6 =


Innate Abilities, Weirdness & Mutations

You can spit globs of acid.
Your golden yellow scales are hard. (AC +7)
You cannot fit into any form of body armour.
You are cold-blooded and may be slowed by cold attacks.
You are resistant to acid. (rCorr)
You have sharp fingernails.
You have large cloven feet.
You are somewhat resistant to further mutation.


Message History

The troll claws you!
* * * LOW HITPOINT WARNING * * *
The troll misses you.
A giant cockroach comes into view.
You feel much better.
The hound skeleton bites you but does no damage.
You block the troll's attack. x2; The troll claws you!
You block the hound skeleton's attack.
You hit the troll but do no damage.
The troll is moderately wounded.
The troll bites you!
* * * LOW HITPOINT WARNING * * *
You block the troll's attack. The troll completely misses you.
You block the hound skeleton's attack.
An ogre comes into view. It is wielding a +0 giant club.
The hound skeleton closely misses you.
You riposte.
You hit the hound skeleton. You tail-slap the hound skeleton.
The hound skeleton is moderately damaged.
The troll bites you!
You die...

#. #.(............
####.##.#.##....#..## O.
............#.... #.#
#.............. #s.
#..............
###.###........#.....
#8o8)8#........#.....
#..#.8T8†#........#..###
#..8.8@8..#.##...#..#
#.#.8Z8.#.#.###### .#
#8.8.8#.#.# ###.###.#.#
... ..#.# ###. ### .. ##


You could see a troll, an orc warrior, an ogre, a giant cockroach and a hound
skeleton.

Vanquished Creatures
  A two-headed ogre (D:7)
  Sigmund (D:2)
  Edmund (D:5)
  Duvessa (D:5)
  An orc warrior (D:6)
  An ice beast (D:6)
  3 sky beasts
  A necrophage (D:5)
  A phantom (D:5)
  4 bullfrogs
  Dowan (D:5)
  3 scorpions
  A howler monkey (D:7)
  A centaur zombie (D:7)
  A hound (D:3)
  4 orc priests
  An orc wizard (D:3)
  2 bullfrog skeletons (D:5)
  5 worker ants
  An iguana (D:6)
  Robin (D:3)
  5 gnolls
  7 adders
  5 white imps (D:5)
  An ooze (D:5)
  A dart slug (D:1)
  2 leopard geckos
  13 orcs
  11 bats
  4 giant cockroaches
  9 goblins
  22 hobgoblins
  7 jackals (D:3)
  2 quokkas
  2 ball pythons
  2 frilled lizards (D:2)
  8 kobolds
  A quokka skeleton (D:6)
  10 rats
148 creatures vanquished.

Notes
Turn   | Place    | Note
-------+----------+-------------------------------------------
     0 | D:1      | Eifo4Ohj9gu9Dob0ohLe the Draconian Berserker began the
                  | quest for the Orb.
     0 | D:1      | Reached XP level 1. HP: 19/19 MP: 1/1
    70 | D:1      | Reached XP level 2. HP: 18/26 MP: 2/2
   301 | D:1      | Reached XP level 3. HP: 19/33 MP: 3/3
   472 | D:1      | Reached ** piety under Trog
   999 | D:2      | Found a burning altar of Makhleb.
   999 | D:2      | Noticed an Executioner
  1003 | D:2      | Noticed an orange demon
  1003 | D:2      | Noticed a neqoxec
  1238 | D:2      | Noticed Sigmund
  1251 | D:2      | Killed Sigmund
  1251 | D:2      | Reached skill level 4 in Long Blades
  1251 | D:2      | Reached XP level 4. HP: 24/41 MP: 4/4
  1251 | D:2      | Reached XP level 5. HP: 28/47 MP: 5/5
  1436 | D:2      | Gained mutation: You are weak. (Str -2) [potion of
                  | mutation]
  1436 | D:2      | Gained mutation: You are robust. (+10% HP) [potion of
                  | mutation]
  1613 | D:2      | You fall into a shaft and drop 1 floor!
  1653 | D:3      | Reached skill level 1 in Stealth
  1792 | D:3      | Noticed Robin
  1805 | D:3      | Killed Robin
  1808 | D:3      | Reached XP level 6. HP: 58/58 MP: 6/6
  1821 | D:3      | Reached *** piety under Trog
  1821 | D:3      | Reached skill level 5 in Long Blades
  2929 | D:4      | Reached skill level 1 in Shields
  2994 | D:4      | Reached skill level 5 in Fighting
  3068 | D:4      | Lost mutation: You are weak. (Str -2) [potion of mutation]
  3068 | D:4      | Lost mutation: You are robust. (+10% HP) [potion of
                  | mutation]
  3068 | D:4      | Gained mutation: You have sharp fingernails. [potion of
                  | mutation]
  3068 | D:4      | Gained mutation: You have large cloven feet. [potion of
                  | mutation]
  3068 | D:4      | Gained mutation: You are somewhat resistant to further
                  | mutation. [potion of mutation]
  3322 | D:5      | Entered Level 5 of the Dungeon
  3322 | D:5      | Found Nust's Book Shop.
  3322 | D:5      | Noticed Duvessa
  3322 | D:5      | Noticed Dowan
  3326 | D:5      | Killed Dowan
  3326 | D:5      | Your scales start taking on a golden yellow colour.
  3326 | D:5      | Reached XP level 7. HP: 61/61 MP: 7/7
  3326 | D:5      | Gained mutation: You are resistant to acid. (rCorr) [Yellow
                  | Draconian growth]
  3335 | D:5      | Killed Duvessa
  3335 | D:5      | Reached skill level 6 in Long Blades
  3492 | D:5      | Found an iron altar of Okawaru.
  3768 | D:5      | Reached **** piety under Trog
  4112 | D:5      | Noticed Edmund
  4125 | D:5      | Killed Edmund
  4125 | D:5      | Reached XP level 8. HP: 69/69 MP: 8/8
  4274 | D:5      | Reached skill level 7 in Long Blades
  4400 | D:6      | Found Pohedyga's Jewellery Emporium.
  4412 | D:6      | Reached skill level 5 in Dodging
  5294 | D:6      | Reached skill level 8 in Long Blades
  5807 | D:7      | Noticed a two-headed ogre
  5812 | D:7      | Reached XP level 9. HP: 71/78 MP: 9/9
  5816 | D:7      | Noticed a troll
  5819 | D:7      | Killed a two-headed ogre
  5819 | D:7      | Reached skill level 9 in Long Blades
  5830 | D:7      | Slain by a troll

Illustrated notes

Levels and vault maps discovered:
D:1:      scummos_arrival_forest, layout_loops_cross, minmay_hedge_maze
D:2:      layout_basic, makhleb_altar_promises_db, uniq_crazy_yiuf_cottage,
          uniq_sigmund
D:3:      layout_basic, uniq_robin
D:4:      layout_rooms
D:5:      layout_cave_pods, serial_shops, nicolae_shop_stone,
          chequers_serial_rivers_room_b, okawaru_trees_2, uniq_edmund,
          uniq_duvessa
D:6:      layout_loops_cross, serial_shops, shop,
          eino_small_chamber_without_monster, nicolae_water_bricks, tso_altar
D:7:      minmay_the_grid_square_5x5_3x3 [minmay_the_grid_square_5x5_seven,
          minmay_the_grid_square_5x5_checkered,
          minmay_the_grid_square_5x5_moneybag,
          minmay_the_grid_square_5x5_detours,
          minmay_the_grid_square_5x5_megaprize_diamond,
          minmay_the_grid_square_5x5_plus,
          minmay_the_grid_square_5x5_checkered_statues,
          minmay_the_grid_square_5x5_v, minmay_the_grid_square_5x5_shrine2],
          layout_basic, nicolae_overflow_crystal_walls, temple_pool_b,
          kennysheep_opposing_triangles

Skill      XL: |  1  2  3  4  5  6  7  8  9 |
---------------+----------------------------+-----
Dodging        | 3 4 5 |  5.9
Fighting       | 4 5 6 7 |  7.2
Long Blades    | 4 5 6 8 9 |  9.2
Stealth        | 1 2 3 4 |  4.0
Shields        | 1 2 3 |  3.0

Action                   |  1- 3 |  4- 6 |  7- 9 || total
-------------------------+-------+-------+-------++-------
Melee: Falchion          |   102 |   157 |   215 ||   474
       Tailslap          |    15 |    22 |    50 ||    87
       Kick              |       |       |     6 ||     6
Invok: Berserk           |     1 |     2 |     3 ||     6
 Abil: Breathe Acid      |       |       |     1 ||     1
  Use: Scroll            |       |     6 |     3 ||     9
       Potion            |       |     7 |     5 ||    12
 Stab: Sleeping          |     1 |     4 |     6 ||    11
Armor: Skin              |    33 |    40 |    44 ||   117
Dodge: Dodged            |    71 |    99 |   118 ||   288
Block: Buckler           |    10 |    26 |    38 ||    74
       Rpst.: Falchion   |    21 |    31 |    34 ||    86

Table legend: (Time is in decaauts)
 A = Elapsed time spent in this place.
 B = Non-inter-level travel time spent in this place.
 C = Inter-level travel time spent in this place.
 D = Time resting spent in this place.
 E = Time spent auto-exploring this place.
 F = Levels seen in this place.
 G = Mean time per level.
                   A        B        C        D        E       F      G
               +--------+--------+--------+--------+--------+-----+--------+
         Total |   5872 |   5867 |      5 |   2051 |   1767 |   7 |  838.9 |
       Dungeon |   5872 |   5867 |      5 |   2051 |   1767 |   7 |  838.9 |
               +--------+--------+--------+--------+--------+-----+--------+

Top non-repeatable levels by time:
     D:6: 1235 daAuts
     D:3: 1069 daAuts
     D:5: 1067 daAuts
     D:1: 893 daAuts
     D:2: 732 daAuts
     D:4: 658 daAuts
     D:7: 216 daAuts
